 Dungeon Crawl Stone Soup version 0.26-a0-52-gd53d4cd058 (webtiles) character file.

Game seed: 5430453457432474411

65 Hasart the Magician (level 3, -3/24 HPs)
             Began as a Demonspawn Wizard on June 6, 2020.
             Slain by a gnoll
             ... wielding a +0 club
              (10 damage)
             ... on level 2 of the Dungeon.
             The game lasted 00:03:54 (2386 turns).

Hasart the Magician (Demonspawn Wizard)             Turns: 2386, Time: 00:03:54

Health: -3/24      AC:  2    Str:  7    XL:     3   Next: 92%
Magic:  0/7        EV: 12    Int: 20    God:
Gold:   71         SH:  0    Dex: 11    Spells: 0/8 levels left

rFire    . . .     SeeInvis .   g - +0 mace
rCold    . . .     Gourm    .   (no shield)
rNeg     . . .     Faith    .   a - +0 robe
rPois    .         Spirit   .   b - +0 hat
rElec    .         Reflect  .   (no cloak)
rCorr    .         Harm     .   (no gloves)
MR       .....                  (no boots)
Stlth    ++........             (no amulet)
HPRegen  0.08/turn              (no ring)
MPRegen  0.10/turn              (no ring)

@: very slightly contaminated
A: antennae 1, powered by pain 1
a: no special abilities


You were on level 2 of the Dungeon.
You were not hungry.

You visited 1 branch of the dungeon, and saw 2 of its levels.

You collected 71 gold pieces.

Inventory:

Hand Weapons
 g - a +0 mace (weapon)
Armour
 a - a +0 robe (worn)
 b - a +0 hat (worn)
Jewellery
 j - an uncursed amulet of guardian spirit
Scrolls
 c - a scroll of identify {unknown}
 e - 2 scrolls of amnesia {unknown}
 f - 2 scrolls of immolation {unknown}
 h - 2 scrolls of remove curse {unknown}
 k - a scroll of fog {unknown}
Comestibles
 d - 5 rations
 i - 4 chunks of flesh


   Skills:
 + Level 2.3 Dodging
 - Level 1.7 Stealth
 + Level 3.3 Spellcasting
 * Level 2.5 Conjurations
 + Level 1.3 Summonings
 + Level 1.2 Translocations
 + Level 0.1 Air Magic
 + Level 0.2 Poison Magic


You couldn't memorise any spells.
You knew the following spells:

 Your Spells              Type           Power        Failure   Level  Hunger
a - Magic Dart            Conj           ##..         4%          1    None
b - Call Imp              Summ           #.......     12%         2    ##.....
c - Blink                 Tloc           N/A          13%         2    ##.....
d - Mephitic Cloud        Conj/Pois/Air  #.......     28%         3    ###....

Your spell library contained the following spells:

 Spells                   Type           Power        Failure   Level  Hunger
 Slow                     Hex            #.......     21%         2    ##.....
 Conjure Flame            Conj/Fire      #.......     24%         3    ###....


Dungeon Overview and Level Annotations

Branches:
Dungeon (2/15)

Altars:


Innate Abilities, Weirdness & Mutations

You have a pair of small antennae on your head.
You sometimes gain a little power by taking damage.


Message History

The gnoll is heavily wounded.
The gnoll barely misses you.
Casting: Magic Dart (safe; 4% risk of failure)
Confirm with . or Enter, or press ? or * to list all spells.
Aiming: Magic Dart (safe; 4% risk of failure)
Press: ? - help, Shift-Dir - straight line, f/p - gnoll
Aim: a gnoll, wielding a +0 club (heavily wounded)
You miscast Magic Dart.
You are very lightly contaminated with residual magic.
Nothing appears to happen.
The gnoll hits you with a +0 club.
Casting: Magic Dart (safe; 4% risk of failure)
Confirm with . or Enter, or press ? or * to list all spells.
A metallic apparition takes form in the air.
The gnoll hits you with a +0 club.
* * * LOW HITPOINT WARNING * * *
Unknown command.
You see here 30 arrows.
You swap places.
Your iron imp barely misses the gnoll.
Your iron imp barely misses the gnoll.
The gnoll hits you with a +0 club!
You die...

#.##.# ###.#..).# #....≈≈≈
#.##.#####.#.#.#### #...P≈♣≈
..<..........#.#..# ##.P..≈≈
.....#####.###.#..# ##^#P..P
#.##.......# #.#..# #..##P..
#.########## #[#..########.####..
#.# #...<...............
#.##############5g##############≈
#...............@......... ≈
##########################


You could see a gnoll and a friendly iron imp (summoned).

Vanquished Creatures
  An adder (D:2)
  A gnoll (D:2)
  A dart slug (D:2)
  A leopard gecko (D:2)
  A giant cockroach (D:1)
  2 goblins
  A hobgoblin (D:2)
  A quokka (D:2)
  3 bats (D:1)
  3 frilled lizards
  3 kobolds (D:1)
  A rat (D:2)
19 creatures vanquished.

Vanquished Creatures (collateral kills)
  A gnoll shaman (D:2)
  2 gnolls (D:1)
3 creatures vanquished.

Vanquished Creatures (others)
  3 plants (D:2)
3 creatures vanquished.

Grand Total: 25 creatures vanquished

Notes
Turn   | Place    | Note
-------+----------+-------------------------------------------
     0 | D:1      | Hasart the Demonspawn Wizard began the quest for the Orb.
     0 | D:1      | Reached XP level 1. HP: 13/13 MP: 4/4
   411 | D:1      | Gained mutation: You have a pair of small antennae on your
                  | head. [demonic ancestry]
   411 | D:1      | Reached XP level 2. HP: 19/19 MP: 0/6
  1022 | D:2      | Learned a level 2 spell: Call Imp
  1025 | D:2      | Learned a level 2 spell: Blink
  1385 | D:2      | Reached skill level 1 in Translocations
  1385 | D:2      | Gained mutation: You sometimes gain a little power by
                  | taking damage. [demonic ancestry]
  1385 | D:2      | Reached XP level 3. HP: 14/24 MP: 1/7
  1914 | D:1      | Learned a level 3 spell: Mephitic Cloud
  2386 | D:2      | Slain by a gnoll

Illustrated notes

Levels and vault maps discovered:
D:1:      nzn_arrival_crosshair, layout_basic, item_on_display_a
D:2:      layout_loops_ring, serial_bayou, serial_bayou_lagoon_b,
          serial_bayou_pond_a, serial_bayou_ford_a, serial_bayou_pond_c,
          serial_bayou_pond_d, serial_bayou_lake_a,
          chequers_serial_rivers_room_a

Skill      XL: |  1  2 |
---------------+-------+-----
Dodging        | 2 |  2.3
Conjurations   | 2 |  2.5
Translocations | 1 |  1.2
Stealth        | |  1.7
Spellcasting   | |  3.3
Summonings     | |  1.3
Air Magic      | |  0.1
Poison Magic   | |  0.2

Action                   || total
-------------------------++-------
Melee: Unarmed           ||     9
       Mace              ||     9
 Cast: Magic Dart        ||    62
       Call Imp          ||     9
  Use: Potion            ||     2
 Stab: Invisible         ||     1
  Eat: Chunk             ||     1
       Ration            ||     1
Armor: Robe              ||    15
Dodge: Dodged            ||    29

Table legend:
 A = Non-vault XP
 B = Vault XP
 C = Vault XP percentage of total XP
 D = Non-vault monster count
 E = Vault monster count
 F = Vault count percentage of total count
                 A         B        C        D         E       F
            +---------+---------+-------+---------+---------+-------
      Total |      93 |       0 |   0.0 |      22 |       0 |   0.0
            +---------+---------+-------+---------+---------+-------
        D:1 |      31 |       0 |   0.0 |      12 |       0 |   0.0
        D:2 |      62 |       0 |   0.0 |      10 |       0 |   0.0
            +---------+---------+-------+---------+---------+-------
